 Dungeon Crawl Stone Soup version 0.29-a0-813-g4a14ea37d6 (webtiles) character file.

Game seed: 8610307964450952859

4057 gobodom the Cleaver (level 10, -7/82 HPs)
             Began as a Palentonga Fighter on July 4, 2022.
             Mangled by a two-headed ogre
             ... wielding a +0 giant spiked club
              (33 damage)
             ... on level 8 of the Dungeon.
             The game lasted 00:36:56 (8431 turns).

gobodom the Cleaver (Palentonga Fighter)            Turns: 8431, Time: 00:36:56

Health: -7/82      AC: 18    Str: 19    XL:     10   Next: 4%
Magic:  0/12       EV: 13    Int: 10    God:
Gold:   491        SH:  5    Dex: 13    Spells: 11/12 levels left

rFire   . . .      SeeInvis +   E - +4 war axe
rCold   + . .      Faith    .   c - +0 buckler
rNeg    + . .      Spirit   +   C - +1 ring mail {rC+}
rPois   .          Reflect  .   (no helmet)
rElec   .          Harm     .   (no cloak)
rCorr   .          Rampage  .   u - +1 pair of gloves
Will    .....                   (no barding)
Stlth   +.........              s - amulet of guardian spirit
HPRegen 0.23/turn               x - ring of positive energy
MPRegen 0.13/turn               q - +4 ring of evasion

@: about to teleport, curled up
A: large, rugged brown scales 3, see invisible, deformed body, roll 1, armoured
tail, reflexive curl, iridescent scales 1, MP-powered wands
a: Rolling Charge


You were on level 8 of the Dungeon.
You visited 1 branch of the dungeon, and saw 8 of its levels.

You collected 519 gold pieces.
You spent 28 gold pieces at shops.

Inventory:

Hand Weapons
 d - a +2 vorpal dire flail
 w - a +3 trident
 E - a +4 war axe (weapon)
 F - a +5 mace of freezing
 G - a +3 dagger
 I - a +2 dagger of distortion
Missiles
 a - 3 boomerangs of dispersal
 r - 6 boomerangs
 v - a throwing net
 y - 6 poisoned darts
Armour
 c - a +0 buckler (worn)
 f - a +3 leather armour
 u - a +1 pair of gloves (worn)
 C - a +1 ring mail of cold resistance (worn)
 H - a +2 robe of willpower
Magical Staves
 g - a staff of conjuration
 l - a staff of poison
Jewellery
 k - a ring of wizardry
 q - a +4 ring of evasion (right hand)
 s - an amulet of guardian spirit (around neck)
 x - a ring of positive energy (left hand)
Wands
 e - a wand of flame (13)
 A - a wand of paralysis (21)
Scrolls
 i - 2 scrolls of vulnerability
 t - a scroll of noise
 B - 3 scrolls of identify
Potions
 b - a potion of mutation
 h - a potion of ambrosia
 j - a potion of flight
 m - a potion of berserk rage
 n - 5 potions of curing
 o - a potion of haste
 p - 3 potions of attraction


   Skills:
 + Level 6.5 Fighting
 + Level 10.0 Axes
 + Level 0.1 Throwing
 + Level 4.9 Armour
 + Level 3.2 Dodging
 + Level 1.8 Stealth
 + Level 4.7 Shields
 + Level 1.5 Spellcasting
 + Level 0.9 Conjurations
 + Level 1.0 Air Magic


You had 11 spell levels left.
You knew the following spells:

 Your Spells              Type           Power      Damage    Failure   Level
a - Shock                 Conj/Air       8%         1d3       41%         1

Your spell library contained the following spells:

 Spells                   Type           Power      Damage    Failure   Level
 Sandblast                Erth           0%         2d4       54%         1
 Sting                    Tmut/Pois      0%         1d3       54%         1
 Poisonous Vapours        Pois/Air       2%         N/A       61%         2
 Passwall                 Tmut/Erth      0%         N/A       69%         2
 Swiftness                Air            2%         N/A       77%         3
 Stone Arrow              Conj/Erth      2%         3d7       85%         3
 Airstrike                Air            1%         0-2+      99%         4
 Olgreb's Toxic Radiance  Pois           0%         N/A       100%        4


Dungeon Overview and Level Annotations

Branches:
Dungeon (8/15)             Temple (0/1) D:4
   Lair: D:8-11

Altars:
Kikubaaqudgha
Qazlal
Ru
Uskayaw
Vehumet
Xom
Zin
The Shining One

Shops:
D:4 ?   D:6 (

Annotations:
D:8 Maggie


Innate Abilities, Weirdness & Mutations

You are completely covered in rugged brown scales. (AC +3, +7% HP)
You have supernaturally acute eyesight. (SInv)
Armour fits poorly on your strangely shaped body.
You can roll at nearby foes to attack.
You have a long armoured tail.
You curl defensively after being hit. (AC +7*)
You are partially covered in iridescent scales. (AC +2)
You expend magic power (3 MP) to strengthen your wands.


Message History

Maggie draws you further into her thrall.
You closely miss Maggie.
Maggie is moderately wounded.
Maggie gestures wildly while chanting.
Maggie draws you further into her thrall.
You barely miss Maggie. You tail-slap Maggie.
Maggie is moderately wounded.
Maggie barely misses you.
You slash Maggie!
Your tail-slap misses Maggie.
Maggie is heavily wounded.
Maggie barely misses you.
You hit Maggie but do no damage. You tail-slap Maggie.
Maggie is heavily wounded.
Maggie gestures wildly while chanting.
Maggie draws you further into her thrall.
You closely miss Maggie.
Maggie is heavily wounded.
You block Maggie's attack.
A two-headed ogre comes into view.
It is wielding two +0 giant spiked clubs.
You block the two-headed ogre's attack.
The two-headed ogre hits you with a +0 giant spiked club!
Maggie gestures wildly while chanting.
Maggie draws you further into her thrall.
Aiming: Paralyse
Press: ? - help, Q - select action, (/) - cycle Shift-Dir - straight line, f/p - Maggie
Aim: Maggie, wielding a +0 glaive and wearing +0 swamp dragon scales (heavily wounded, mesmerising, chance to affect: 52%)
You feel a surge of power!
Maggie suddenly stops moving!
You break out of your daze!
You feel much better. The two-headed ogre closely misses you.
The two-headed ogre hits you with a +0 giant spiked club!!
As you read the scroll of teleportation, it crumbles to dust.
You feel strangely unstable.
The two-headed ogre hits you with a +0 giant spiked club!
The two-headed ogre completely misses you.
You slash the two-headed ogre!
The two-headed ogre is moderately wounded.
You slash the two-headed ogre!
The two-headed ogre is heavily wounded.
The two-headed ogre hits you with a +0 giant spiked club!!
You die...

#......######.###
#......##.......#
#.............#(##
####.#.##.#......#
#..#.##.##.....#
.......#.#...##.#
.#.#..(.#.#......#
.............#..#
......#.#.#.#.##@#
...#. .#.#.....O#
....#...@...#
......#.....##
.....#!#...# ...
.....### . ...#.#
....#.# #### #.#


You could see Maggie (paralysed) and a two-headed ogre.

Vanquished Creatures
  Joseph (D:7)
  Psyche (D:8)
  Grinder (D:3)
  Sigmund (D:5)
  A wyvern (D:7)
  Edmund (D:4)
  A water moccasin (D:5)
  2 black bears
  An orc warrior (D:7)
  An ice beast (D:5)
  An ogre (D:5)
  The ghost of zhov the Shooter, an amateur DsHu (D:3)
  A centaur (D:4)
  3 necrophages
  A bullfrog (D:7)
  3 scorpions
  12 wights
  3 electric eels (D:6)
  4 howler monkeys
  4 hounds
  4 jellies
  5 orc priests (D:7)
  4 iguanas
  5 orc wizards
  5 adders
  A river rat (D:4)
  A shadow imp (D:8)
  A white imp (D:7)
  6 worms
  A dart slug (D:5)
  19 orcs
  9 endoplasms
  5 giant cockroaches
  5 goblins
  2 hobgoblins
  4 quokkas
  4 ball pythons
  6 bats
  4 frilled lizards
  4 kobolds
  24 rats
163 creatures vanquished.

Vanquished Creatures (others)
  18 plants (D:6)
  9 withered plants (D:7)
27 creatures vanquished.

Grand Total: 190 creatures vanquished

Notes
Turn   | Place    | Note
-------+----------+-------------------------------------------
     0 | D:1      | gobodom the Palentonga Fighter began the quest for the Orb.
     0 | D:1      | Reached XP level 1. HP: 19/19 MP: 1/1
   409 | D:1      | Found a faded altar of an unknown god.
   423 | D:1      | Reached XP level 2. HP: 15/25 MP: 2/2
   937 | D:2      | Reached XP level 3. HP: 16/31 MP: 3/3
  1591 | D:2      | Gained mutation: You expend magic power (3 MP) to
                  | strengthen your wands. [potion of mutation]
  1591 | D:2      | Gained mutation: You are weak. (Str -2) [potion of
                  | mutation]
  1591 | D:2      | Gained mutation: You are partially covered in iridescent
                  | scales. (AC +2) [potion of mutation]
  1591 | D:2      | Lost mutation: You are weak. (Str -2) [potion of mutation]
  1715 | D:3      | Noticed Grinder
  1725 | D:3      | Killed Grinder
  1726 | D:3      | Reached skill level 3 in Axes
  1726 | D:3      | Reached XP level 4. HP: 25/39 MP: 4/4
  1726 | D:3      | Reached XP level 5. HP: 28/44 MP: 5/5
  1969 | D:3      | Found a runed translucent door.
  1969 | D:3      | Noticed zhov's ghost (amateur DsHu)
  2136 | D:3      | Reached XP level 6. HP: 34/51 MP: 6/6
  2409 | D:3      | Killed zhov's ghost
  2410 | D:3      | Reached skill level 4 in Axes
  2507 | D:4      | Noticed Edmund
  2577 | D:4      | Found a glowing silver altar of Zin.
  2794 | D:4      | Killed Edmund
  2795 | D:4      | Reached skill level 1 in Dodging
  2800 | D:4      | Reached skill level 5 in Axes
  2800 | D:4      | Gained mutation: You curl defensively after being hit. (AC
                  | +7*) [Palentonga growth]
  2800 | D:4      | Reached XP level 7. HP: 12/57 MP: 7/7
  2802 | D:4      | Found a sacrificial altar of Ru.
  3122 | D:4      | Found Yblauguz's Magic Scroll Emporium.
  3131 | D:4      | Bought a scroll of identify for 28 gold pieces
  3385 | D:4      | Found a staircase to the Ecumenical Temple.
  3442 | D:4      | Reached skill level 6 in Axes
  3539 | D:5      | Entered Level 5 of the Dungeon
  3544 | D:5      | Found a radiant altar of Vehumet.
  3594 | D:5      | Reached XP level 8. HP: 37/65 MP: 8/8
  3841 | D:5      | Reached skill level 7 in Axes
  3869 | D:5      | Reached skill level 5 in Fighting
  3877 | D:5      | Learned a level 1 spell: Shock
  4068 | D:5      | Reached skill level 1 in Stealth
  4502 | D:5      | Noticed Sigmund
  4510 | D:5      | Killed Sigmund
  4511 | D:5      | Reached skill level 8 in Axes
  4717 | D:6      | Reached XP level 9. HP: 69/72 MP: 1/9
  4966 | D:6      | Found Wud Refa's Weapon Shoppe.
  6237 | D:6      | Found a large runed translucent door.
  6243 | D:6      | Found a large runed translucent door.
  6514 | D:6      | Found a stormy altar of Qazlal.
  6676 | D:6      | Found a hide-covered altar of Uskayaw.
  6679 | D:6      | Found a glowing golden altar of the Shining One.
  6822 | D:7      | Reached skill level 9 in Axes
  6998 | D:7      | Noticed Joseph
  7016 | D:7      | Killed Joseph
  7386 | D:7      | Found Kukhot's Assorted Antiques.
  7396 | D:7      | Paralysed by an orc for 4 turns
  7401 | D:7      | Paralysed by an orc for 2 turns
  7429 | D:7      | Found an ancient bone altar of Kikubaaqudgha.
  7476 | D:7      | Reached skill level 1 in Air Magic
  7562 | D:7      | Found a shimmering altar of Xom.
  7570 | D:7      | Reached skill level 1 in Spellcasting
  8270 | D:8      | Noticed Psyche
  8274 | D:8      | Killed Psyche
  8275 | D:8      | Reached skill level 10 in Axes
  8275 | D:8      | Reached XP level 10. HP: 63/82 MP: 9/12
  8414 | D:8      | Noticed Maggie
  8425 | D:8      | Noticed a two-headed ogre
  8431 | D:8      | Mangled by a two-headed ogre

Illustrated notes

Levels and vault maps discovered:
D:1:      tarquinn_simple_flora_water_a, layout_basic,
          hellmonk_ecumenical_altar_zigzags
D:2:      layout_rooms, hangedman_decor_peaks_small,
          chequers_serial_rivers_micro_a, minmay_curled_crystal
D:3:      layout_rooms, hellmonk_ghost_happy_afterlife, minmay_rat_hole,
          uniq_grinder
D:4:      layout_basic, mainiacjoe_overflow_catwalk, amcnicky_altar_gilded,
          minmay_temple_entry_nine_rooms, gup_sewer_entry_bubbles, serial_shops,
          nicolae_shop_hallway_stairs, uniq_edmund
D:5:      minmay_diamond_boxcup, layout_rooms, vehumet_altar_wand_db,
          uniq_sigmund
D:6:      layout_gridville, nicolae_qazlal_eye_of_the_storm,
          jmf_multi_god_temple2, serial_shops,
          nicolae_shop_bloodbath_and_beyond, serial_bayou_lake_a
D:7:      layout_loops_cross, kiku_gazebo_garden_becter,
          mainiacjoe_overflow_tiny_flanked, nicolae_stop_n_shop_1, uniq_joseph
D:8:      layout_basic, uniq_pikel, uniq_erica, uniq_maggie, uniq_psyche

Skill      XL: |  1  2  3  4  5  6  7  8  9 |
---------------+----------------------------+-----
Shields        | 3 4 |  4.7
Axes           | 3 5 6 8 10 | 10.0
Armour         | 3 4 |  4.9
Fighting       | 4 5 6 |  6.5
Dodging        | 1 2 3 |  3.2
Stealth        | 1 |  1.8
Air Magic      | 1 |  1.0
Spellcasting   | 1 |  1.5
Throwing       | |  0.1
Conjurations   | |  0.9

Action                   |  1- 3 |  4- 6 |  7- 9 | 10-12 || total
-------------------------+-------+-------+-------+-------++-------
Melee: War axe           |    71 |    86 |   322 |    13 ||   492
       Tailslap          |     7 |    10 |    45 |     4 ||    66
Throw: Boomerang         |     2 |       |       |       ||     2
 Cast: Shock             |       |       |     8 |       ||     8
 Abil: Rolling Charge    |     1 |     2 |    10 |     1 ||    14
Evoke: Wand              |       |       |     2 |     1 ||     3
  Use: Scroll            |     6 |     1 |    11 |     1 ||    19
       Potion            |     5 |     1 |     3 |     1 ||    10
 Stab: Sleeping          |       |       |     1 |       ||     1
Armor: Scale mail        |    47 |     3 |       |       ||    50
       Leather armour    |       |    36 |    73 |       ||   109
       Ring mail         |       |       |    27 |       ||    27
Dodge: Dodged            |    34 |    51 |   174 |     5 ||   264
Block: Buckler           |    17 |    18 |    79 |     2 ||   116

Table legend: (Time is in decaauts)
 A = Elapsed time spent in this place.
 B = Non-inter-level travel time spent in this place.
 C = Inter-level travel time spent in this place.
 D = Time resting spent in this place.
 E = Time spent auto-exploring this place.
 F = Levels seen in this place.
 G = Mean time per level.
                   A        B        C        D        E       F      G
               +--------+--------+--------+--------+--------+-----+--------+
         Total |   8584 |   8407 |    177 |   1946 |   4757 |   8 | 1073.0 |
       Dungeon |   8584 |   8407 |    177 |   1946 |   4757 |   8 | 1073.0 |
               +--------+--------+--------+--------+--------+-----+--------+

Top non-repeatable levels by time:
     D:6: 2188 daAuts
     D:7: 1394 daAuts
     D:5: 1151 daAuts
     D:4: 1107 daAuts
     D:2: 898 daAuts
     D:1: 829 daAuts
     D:3: 784 daAuts
     D:8: 229 daAuts
